 Dungeon Crawl Stone Soup version 0.30.0-29-ga12c61a403 (webtiles) character file.

Game seed: 8884738773249040770

53 cheesebisquit the Ducker (level 3, -2/28 HPs)
             Began as a Merfolk Gladiator on June 24, 2023.
             Killed from afar by Jessica (9 damage)
             ... with a bolt of light
             ... on level 2 of the Dungeon.
             The game lasted 00:05:15 (1501 turns).

cheesebisquit the Ducker (Merfolk Gladiator)        Turns: 1501, Time: 00:05:15

Health: -2/28      AC:  9    Str: 14    XL:     3   Next: 89%
Magic:  3/3        EV: 11    Int:  7    God:
Gold:   58         SH:  0    Dex: 17    Spells: 2/2 levels left

rFire   . . .        y - +2 demon whip (pain)
rCold   . . .        (no shield)
rNeg    . . .        x - +2 scale mail {Will+}
rPois   .            c - +0 helmet
rElec   .            (no cloak)
rCorr   .            (no gloves)
SInv    .            (no boots)
Will    +....        w - amulet of magic regeneration Stlth
                     (no ring)
HPRegen 0.24/turn    (no ring)
MPRegen 0.48/turn

%: no passive effects
@: confused
A: (nimble swimmer 2), mertail
a: no special abilities


You were on level 2 of the Dungeon.
You visited 1 branch of the dungeon, and saw 2 of its levels.

You collected 58 gold pieces.

Inventory:

Hand Weapons
 a - a +0 trident
 p - a +2 short sword of electrocution
 y - a +2 demon whip of pain (weapon)
Missiles
 d - 3 throwing nets (quivered)
 e - a javelin
 o - a stone
 r - 6 poisoned darts
Armour
 b - a +0 leather armour
 c - a +0 helmet (worn)
 g - a +0 scale mail
 i - a +0 chain mail
 x - a +2 scale mail of willpower (worn)
Jewellery
 w - an amulet of magic regeneration (around neck)
Scrolls
 f - 3 scrolls of identify {unknown}
 h - a scroll of acquirement {unknown}
 j - a scroll of fog {unknown}
 k - 3 scrolls of teleportation {unknown}
 l - a scroll of poison {unknown}
 n - 2 scrolls of blinking {unknown}
 s - a scroll of noise {unknown}
 t - a scroll of torment {unknown}
 v - a scroll of enchant armour {unknown}
Potions
 m - a potion of haste {unknown}
 q - a potion of ambrosia {unknown}
 u - a potion of attraction {unknown}


   Skills:
 + Level 2.8 Fighting
 - Level 0.6 Short Blades
 + Level 0.1 Maces & Flails
 - Level 4.4 Polearms
 - Level 2.0 Throwing
 + Level 0.9 Armour
 + Level 4.5 Dodging
 + Level 1.0 Stealth
 + Level 0.1 Necromancy


You had 2 spell levels left.
You didn't know any spells.
Your spell library contained the following spells:

 Spells                   Type           Power      Damage    Failure   Level
 Poisonous Vapours        Pois/Air       0%         N/A       97%         2
 Mephitic Cloud           Conj/Pois/Air  0%         N/A       99%         3
 Tukima's Dance           Hex            0%         N/A       99%         3
 Passage of Golubria      Tloc           0%         N/A       100%        4
 Freezing Cloud           Conj/Ice/Air   0%         6-21      100%        5
 Yara's Violent Unravell  Hex/Tmut       0%         3d3       100%        5


Dungeon Overview and Level Annotations

Branches:
Dungeon (2/15)

Altars:

Annotations:
D:2 Jessica


Innate Abilities, Weirdness & Mutations

((You are very nimble when in or above water. (Stealth+, EV+, Speed+++)))
Your lower body shifts to a powerful aquatic tail in water.


Message History

The frilled lizard bites you but does no damage.
You closely miss the frilled lizard.
The endoplasm quivers.
The frilled lizard bites you but does no damage.
You barely miss the frilled lizard. Your punch misses the frilled lizard.
The frilled lizard bites you but does no damage.
You barely miss the frilled lizard.
The frilled lizard bites you but does no damage.
You whack the endoplasm!
You kill the endoplasm!
The frilled lizard barely misses you.
You barely miss the frilled lizard. The frilled lizard closely misses you.
You hit the hobgoblin.
You kill the hobgoblin!
The frilled lizard bites you but does no damage.
You barely miss the frilled lizard. The frilled lizard closely misses you.
The frilled lizard barely misses you.
You whack the frilled lizard!
You kill the frilled lizard!
No target in view!
No target in view!
n - 2 scrolls labelled JOUH DAUPREUHI (gained 1)
Things that are here:
a +0 short sword; a hobgoblin corpse
Found a mace.
Setting a skill training target for Maces & Flails at 12.0.
Jessica the Apprentice Sorceress comes into view.
She is wielding a +0 dagger and carrying a wand of light (5).
Jessica shouts!
Jessica shouts, "I don't like beings like you!"
You hit Jessica.
Jessica is heavily wounded.
Jessica zaps a wand.
The bolt of light hits you!!
Ouch! That really hurt!
* * * LOW HITPOINT WARNING * * *
Okay, then.
You hit Jessica.
Jessica is almost dead.
Jessica zaps a wand.
The bolt of light hits you!
You are confused.
You die...

#######..... ... ...
#.......#... . .. ...
#.......#.#. .. .. ...
#.......#.#.
.#.##.#####...........
...................## ########
#.................# #......#
#.@..............## #......#
#@......####.#.#
#......######.#.......##.#.###
#.............##....#...†.....
#.)...........##.#.....#.#.###
#.............##.#.....#.#....
#####.#................#....#.
######.#.........##.#####....#.
#....#.###.......##....##....#.
#....#.).........##....##......


You could see Jessica.

Vanquished Creatures
  An adder (D:2)
  A worm (D:2)
  2 dart slugs (D:1)
  3 bats (D:2)
  4 endoplasms (D:2)
  A giant cockroach (D:2)
  4 goblins
  4 hobgoblins
  3 quokkas
  4 ball pythons
  2 frilled lizards (D:2)
  4 kobolds
  2 rats (D:1)
35 creatures vanquished.

Notes
Turn   | Place    | Note
-------+----------+-------------------------------------------
     0 | D:1      | cheesebisquit the Merfolk Gladiator began the quest for the
                  | Orb.
     0 | D:1      | Reached XP level 1. HP: 16/16 MP: 1/1
   234 | D:1      | Reached XP level 2. HP: 20/23 MP: 2/2
   926 | D:2      | Reached XP level 3. HP: 28/28 MP: 3/3
  1408 | D:2      | Reached skill level 1 in Stealth
  1499 | D:2      | Noticed Jessica
  1501 | D:2      | Killed from afar by Jessica

Illustrated notes

Levels and vault maps discovered:
D:1:      mainiacjoe_arrival_reflecting_pool, layout_basic, serial_bayou_pond_a
D:2:      layout_basic, minmay_circle_x, uniq_jessica

Skill      XL: |  1  2  3 |
---------------+----------+-----
Stealth        | 1 |  1.0
Fighting       | |  2.8
Short Blades   | |  0.6
Maces & Flails | |  0.1
Polearms       | |  4.4
Throwing       | |  2.0
Armour         | |  0.9
Dodging        | |  4.5
Necromancy     | |  0.1

Action                     || total
---------------------------++-------
  Melee: Trident           ||    39
         Short sword       ||    34
         Demon whip        ||    36
         Punch             ||     2
   Stab: Sleeping          ||     1
 Armour: Chain mail        ||    11
         Scale mail        ||    28
         Leather armour    ||     5
  Dodge: Dodged            ||    50
